General information
- name: BNet
- type: Ladder team game (AT/RT)
- host: Battle.net
- saver: sylvia
map: TranquilPaths
- players: 4
- length: 15:54
- speed: Fast
- version: 1.24 W3XP
- replay type: Public
» download(115 KB)
Players
team 1 (loser)

»
Inactive. (
teal | 130 APM | 2055 actions | 15:51)
3 Death Knight
2 Death Coil
1 Unholy Aura
2 Lich
1 Frost Nova
1 Frost Armor
1 Crypt Lord
1 Impale
» actions
| Assign group hotkey | 25 | |
| Build / train | 58 | |
| ESC pressed | 5 | |
| Enter build submenu | 24 | |
| Enter hero's abilities submenu | 6 | |
| Right click | 905 | |
| Select / deselect | 320 | |
| Select group hotkey | 611 | |
| Use ability | 101 | |
2055 total
» units
| Acolyte | 16 | |
| Ghoul | 5 | |
| Crypt Fiend | 9 | |
| Obsidian Statue | 4 | |
34 total
» upgrades
» buildings
| Graveyard | 1 | |
| Crypt | 1 | |
| Altar of Darkness | 1 | |
| Ziggurat | 9 | |
| Tomb of Relics | 1 | |
| Nerubian Tower | 2 | |
| Halls of the Dead | 2 | |
| Slaughterhouse | 1 | |
| Black Citadel | 1 | |
| Spirit Tower | 2 | |
| Sacrificial Pit | 1 | |
| Boneyard | 1 | |
23 total
» build order
00:16 Graveyard
00:19 Crypt
00:47 Altar of Darkness
00:58 Ziggurat
01:29 Tomb of Relics
02:00 Ziggurat
02:13 Nerubian Tower
04:13 Halls of the Dead
04:13 Halls of the Dead
06:28 Ziggurat
06:39 Ziggurat
06:40 Ziggurat
07:05 Ziggurat
07:06 Slaughterhouse
07:20 Black Citadel
07:30 Spirit Tower
07:32 Nerubian Tower
07:35 Ziggurat
08:35 Spirit Tower
08:43 Sacrificial Pit
10:02 Boneyard
12:20 Ziggurat
12:21 Ziggurat
» items
| Rod of Necromancy | 2 | |
| Orb of Corruption | 1 | |
3 total
JustOnlyMe. (
pink | 103 APM | 1631 actions | 15:53)
4 Death Knight
3 Death Coil
1 Unholy Aura
1 Lich
1 Frost Nova
» actions
| Assign group hotkey | 24 | |
| Basic commands | 3 | |
| Build / train | 61 | |
| ESC pressed | 6 | |
| Enter build submenu | 24 | |
| Enter hero's abilities submenu | 4 | |
| Right click | 853 | |
| Select / deselect | 364 | |
| Select group hotkey | 194 | |
| Use ability | 98 | |
1631 total
» units
| Acolyte | 9 | |
| Ghoul | 15 | |
| Frost Wyrm | 9 | |
33 total
» upgrades
| Ghoul Frenzy | 1 | |
| Unholy Strength | 1 | |
| Creature Carapace | 1 | |
| Creature Attack | 1 | |
4 total
» buildings
| Crypt | 1 | |
| Altar of Darkness | 1 | |
| Ziggurat | 9 | |
| Tomb of Relics | 1 | |
| Halls of the Dead | 1 | |
| Black Citadel | 1 | |
| Graveyard | 1 | |
| Sacrificial Pit | 1 | |
| Boneyard | 2 | |
| Spirit Tower | 3 | |
21 total
» build order
00:10 Crypt
00:18 Altar of Darkness
00:38 Ziggurat
00:59 Tomb of Relics
01:44 Ziggurat
03:40 Halls of the Dead
04:30 Ziggurat
06:05 Ziggurat
06:20 Black Citadel
07:41 Ziggurat
08:03 Graveyard
08:09 Sacrificial Pit
08:17 Ziggurat
09:24 Boneyard
09:26 Boneyard
10:30 Spirit Tower
10:31 Spirit Tower
10:34 Ziggurat
10:36 Ziggurat
12:45 Spirit Tower
13:25 Ziggurat
» items
| Rod of Necromancy | 5 | |
| Potion of Healing | 2 | |
| Potion of Mana | 2 | |
| Scroll of Town Portal | 2 | |
| Orb of Corruption | 1 | |
12 total
team 2 (winner)
Anyway (
yellow | 156 APM | 2477 actions | 15:54)
3 Death Knight
2 Death Coil
1 Unholy Aura
3 Lich
2 Frost Nova
1 Dark Ritual
» actions
| Assign group hotkey | 63 | |
| Basic commands | 187 | |
| Build / train | 48 | |
| Enter build submenu | 15 | |
| Enter hero's abilities submenu | 6 | |
| Give item / drop item | 4 | |
| Remove unit from queue | 1 | |
| Right click | 974 | |
| Select / deselect | 263 | |
| Select group hotkey | 863 | |
| Use ability | 53 | |
2477 total
» units
| Acolyte | 6 | |
| Ghoul | 2 | |
| Crypt Fiend | 10 | |
| Obsidian Statue | 2 | |
| Meatwagon | 1 | |
| Abomination | 1 | |
22 total
» upgrades
| Destroyer Form | 1 | |
| Disease Cloud | 1 | |
| Creature Attack | 1 | |
| Web | 1 | |
| Burrow | 2 | |
6 total
» buildings
| Altar of Darkness | 1 | |
| Ziggurat | 7 | |
| Crypt | 1 | |
| Tomb of Relics | 2 | |
| Graveyard | 1 | |
| Halls of the Dead | 1 | |
| Slaughterhouse | 2 | |
| Black Citadel | 1 | |
| Spirit Tower | 1 | |
| Sacrificial Pit | 1 | |
18 total
» build order
00:13 Altar of Darkness
00:16 Ziggurat
00:36 Crypt
00:55 Tomb of Relics
00:59 Tomb of Relics
01:20 Graveyard
02:42 Ziggurat
04:20 Halls of the Dead
06:20 Ziggurat
06:56 Slaughterhouse
06:57 Black Citadel
06:59 Ziggurat
08:00 Slaughterhouse
08:02 Ziggurat
11:28 Ziggurat
12:20 Ziggurat
12:50 Spirit Tower
13:49 Sacrificial Pit
» items
| Rod of Necromancy | 2 | |
| Dust of Appearance | 1 | |
| Potion of Healing | 1 | |
| Potion of Lesser Invulnerability | 1 | |
| Orb of Corruption | 1 | |
6 total
sylvia (
orange | 123 APM | 1949 actions | 15:54)
5 Archmage
3 Summon Water Elemental
2 Brilliance Aura
3 Mountain King
2 Storm Bolt
1 Bash
1 Paladin
1 Holy Light
» actions
| Assign group hotkey | 48 | |
| Basic commands | 21 | |
| Build / train | 73 | |
| Enter build submenu | 24 | |
| Enter hero's abilities submenu | 9 | |
| Right click | 677 | |
| Select / deselect | 601 | |
| Select group hotkey | 406 | |
| Use ability | 90 | |
1949 total
» units
| Peasant | 16 | |
| Footman | 8 | |
| Rifleman | 5 | |
| Priest | 4 | |
| Knight | 3 | |
| Spell Breaker | 2 | |
38 total
» upgrades
| Defend | 1 | |
| Gunpowder | 1 | |
| Masonry | 2 | |
| Long Rifles | 1 | |
| Animal War Training | 1 | |
| Swords | 1 | |
| Priest Training | 2 | |
9 total
» buildings
| Altar of Kings | 1 | |
| Barracks | 2 | |
| Farm | 10 | |
| Scout Tower | 4 | |
| Arcane Tower | 2 | |
| Town Hall | 2 | |
| Lumber Mill | 1 | |
| Guard Tower | 2 | |
| Keep | 1 | |
| Blacksmith | 1 | |
| Arcane Vault | 1 | |
| Castle | 1 | |
| Arcane Sanctum | 1 | |
| Gryphon Aviary | 1 | |
30 total
» build order
00:05 Altar of Kings
00:19 Barracks
00:34 Farm
00:49 Farm
01:54 Scout Tower
02:11 Farm
02:24 Arcane Tower
03:42 Town Hall
03:52 Scout Tower
03:55 Scout Tower
04:00 Farm
04:04 Lumber Mill
04:23 Arcane Tower
04:33 Scout Tower
05:08 Guard Tower
05:08 Guard Tower
06:06 Keep
06:28 Blacksmith
06:30 Barracks
06:52 Farm
07:15 Farm
07:41 Arcane Vault
08:33 Castle
08:37 Arcane Sanctum
09:46 Farm
09:47 Farm
10:02 Farm
13:21 Farm
13:44 Town Hall
13:52 Gryphon Aviary
» items
| Boots of Speed | 1 | |
| Potion of Lesser Invulnerability | 1 | |
| Scroll of Regeneration | 2 | |
| Lesser Clarity Potion | 2 | |
| Staff of Sanctuary | 1 | |
7 total
Chat log
(00:08 / Allies) Anyway: i go fast dk
(00:11 / Allies) sylvia: ok
(00:36 / All) Inactive.: tam loxi
(01:13 / Allies) sylvia: share
(02:01 / Allies) Anyway: fucking shit map
(02:04 / Allies) sylvia: true
(02:30 / Allies) sylvia: fe
(02:54 / Allies) Anyway: you fe and push
(02:55 / Allies) Anyway: ?
(02:56 / Allies) sylvia: k
(10:52 / Allies) sylvia: g
(13:42 / Allies) sylvia: he go frost
(13:52 / Allies) Anyway: xD
(14:25 / Allies) sylvia: tp
(14:27 / Allies) sylvia: ?
(14:31 / Allies) Anyway: no